Flyers vs Maple Leafs
(R1)
Created - June 26, 2022 at 21:02
Goals
|
| Flyers |
2 |
0 |
2 |
4 |
| Maple Leafs |
1 |
0 |
0 |
1 |
|
Shots
|
| Flyers |
8 |
10 |
10 |
28 |
| Maple Leafs |
8 |
5 |
5 |
18 |
|
1st period
1. Flyers , J.T. Miller 38 (Jonathan Ericsson 5) at 2:02
2. Maple Leafs , Bo Horvat 14 (Mike Cammalleri 15) at 13:04
3. Flyers , Brock Nelson 10 (Travis Zajac 20, Jeff Carter 32) at 14:51
Penalties :
J.T. Miller (Phi) for Interference (Minor) at 2:58, Zach Werenski (TOR) for Head-butting (Major / Game Misconduct) at 7:16
2nd period
No Goal
Penalties :
Braydon Coburn (TOR) for Tripping (Minor) at 9:11, Andre Burakovsky (TOR) for Holding (Minor) at 12:28, Matt Smaby (Phi) for Hooking (Minor) at 12:49, Braydon Coburn (TOR) for Delaying the game (Minor) at 16:30
3rd period
4. Flyers , Jeff Carter 27 (Niclas Bergfors 24) at 0:59 (PP)
5. Flyers , Niclas Bergfors 22 (Matt Smaby 15, Nathan Beaulieu 23) at 6:29
Penalties :
Andre Burakovsky (TOR) for Tripping (Minor) at 0:24, Jeff Carter (Phi) for Holding (Minor) at 4:02, Jeff Woywitka (Phi) for Hooking (Minor) at 8:19, Marcus Kruger (Phi) for Roughing (Minor) at 12:11, Brayden Schenn (TOR) for Hooking (Minor) at 12:36
Goalie Stats
Ilya Sorokin (Phi), 17 saves from 18 shots - (0.944), W, 11-11-6, 60:00 minutes
John Gibson (TOR), 24 saves from 28 shots - (0.857), L, 24-22-3, 60:00 minutes
Players Stats for Flyers
Player Name G A P +/- PIM S H SB GA TA FO MP PP MP PK MP
------------------------------------------------------------------------------------
Brian Lashoff 0 0 0 1 0 0 1 0 0 0 0/0 11:18 0:47 1:16
Brock Nelson 1 0 1 1 0 1 4 0 0 0 2/3 14:58 0:35 2:33
Drew Miller 0 0 0 0 0 2 0 0 1 0 0/0 16:41 4:15 0:31
Dylan Olsen 0 0 0 0 0 0 0 0 0 0 0/0 4:40 0:00 0:02
J.T. Miller 1 0 1 1 2 4 1 0 1 0 8/10 24:43 4:31 2:46
Jacob Trouba 0 0 0 1 0 3 1 1 0 1 0/0 28:52 4:48 4:24
Jakub Voracek 0 0 0 0 0 5 1 0 0 0 0/1 19:35 4:55 1:42
Jeff Carter 1 1 2 0 2 4 5 0 0 0 8/15 19:02 4:38 1:27
Jeff Woywitka 0 0 0 1 2 0 1 0 0 0 0/0 22:59 4:48 3:08
Jonathan Ericsson 0 1 1 1 0 0 1 0 0 0 0/0 11:02 0:47 0:16
Jordan Nolan 0 0 0 0 0 0 5 0 0 1 8/11 21:34 4:28 3:52
Marcus Kruger 0 0 0 1 2 2 1 1 0 0 1/1 13:07 1:20 0:02
Matt Smaby 0 1 1 0 2 1 0 1 0 0 0/0 20:04 4:42 2:03
Matthew Lombardi 0 0 0 1 0 0 0 0 0 0 2/2 6:13 0:32 0:31
Nathan Beaulieu 0 1 1 0 0 1 1 0 0 1 0/0 21:12 4:43 2:17
Niclas Bergfors 1 1 2 0 0 3 0 1 0 0 0/0 15:34 4:15 0:00
Travis Zajac 0 1 1 1 0 2 2 0 0 0 1/3 12:33 0:42 0:02
Tyler Randell 0 0 0 1 0 0 0 0 0 1 1/1 5:53 0:43 0:00
Players Stats for Maple Leafs
Player Name G A P +/- PIM S H SB GA TA FO MP PP MP PK MP
------------------------------------------------------------------------------------
Andre Burakovsky 0 0 0 1 4 0 5 0 0 0 0/0 17:04 4:01 0:00
Beau Bennett 0 0 0 1 0 1 2 0 0 0 0/0 12:21 2:40 0:00
Bo Horvat 1 0 1 -2 0 1 2 1 1 0 1/5 14:47 0:05 2:08
Brandon Saad 0 0 0 0 0 1 1 0 0 0 0/0 8:50 0:13 1:47
Brayden Schenn 0 0 0 0 2 1 4 0 0 0 4/11 18:00 2:39 5:07
Braydon Coburn 0 0 0 -1 4 2 5 0 0 0 0/0 25:55 2:33 2:50
Claude Giroux 0 0 0 0 0 1 3 1 2 0 1/2 22:19 3:47 3:03
Evgeni Malkin 0 0 0 0 0 3 3 1 1 0 8/25 20:59 4:01 3:03
Hampus Lindholm 0 0 0 -1 0 4 3 2 0 0 0/0 26:20 4:12 4:36
John Klingberg 0 0 0 -2 0 0 0 0 0 0 0/0 25:24 2:59 4:19
Jon Merrill 0 0 0 -1 0 2 2 1 0 1 0/0 23:05 2:36 5:14
JT Compher 0 0 0 0 0 0 2 0 0 0 0/0 6:56 0:02 0:00
Mike Cammalleri 0 1 1 -2 0 0 5 0 0 1 0/0 10:27 0:00 0:00
Patrice Cormier 0 0 0 0 0 1 1 0 0 0 1/3 6:35 0:00 0:00
Pontus Aberg 0 0 0 -2 0 1 1 1 0 0 0/0 10:27 0:00 0:00
Ryan Parent 0 0 0 -1 0 0 0 0 0 0 0/0 15:45 0:00 3:37
Scott Hartnell 0 0 0 0 0 0 2 0 0 0 1/1 18:44 2:40 5:28
Zach Werenski 0 0 0 0 15 0 0 0 0 0 0/0 2:26 1:06 0:00
3 Stars
1 - Brock Nelson (Phi)
2 - Jeff Carter (Phi)
3 - Niclas Bergfors (Phi)
Power Play
Flyers - 1 on 6 Attempt(s) - 16.67%
Maple Leafs - 0 on 5 Attempt(s) - 0.00%
Penalty Kill
Flyers - 5 on 5 Attempt(s) - 100.00%
- Score 0 goal in Penalty Kill
Maple Leafs - 5 on 6 Attempt(s) - 83.33%
- Score 0 goal in Penalty Kill
Team Stat
Flyers - Hits : 24 - Faceoff Wins : 31 - Blocked Shots : 4 - Penalty Minutes : 10
Maple Leafs - Hits : 41 - Faceoff Wins : 16 - Blocked Shots : 7 - Penalty Minutes : 25
Official
Referees : Conor O'Donnell and Steve Kozari
Linesman : Libor Suchanek and Greg Devorski
Game Notes
Zach Werenski (TOR) for Head-butting (Major / Game Misconduct) at 7:16
Zach Werenski ejected from game at 7:16 of 1st period
9:25 of 2nd period - Flyers goal is going for a video replay. After video review, No Goal. The referee deems the play has been stopped, even if he had not physically had the opportunity to stop play by blowing his whistle.
Finance
Level 1 -- Attendance: 6000 (100.00%) -- Ticket Income $600,000
Level 2 -- Attendance: 4640 (92.80%) -- Ticket Income $278,400
Level 3 -- Attendance: 1849 (92.45%) -- Ticket Income $64,715
Level 4 -- Attendance: 3961 (99.03%) -- Ticket Income $99,025
Luxury Box -- Attendance: 974 (97.40%) -- Ticket Income $194,800
Game was played at the Scotiabank Arena.
Total Attendance: 17424 (96.80%)
Total Ticket Income: $1,236,940
Other Income: $185,541
Total Income: $1,422,481
Flyers
5 vs 5 Forward
Center Left Wing Right Wing Time % Phy DF OF
1 Jordan Nolan J.T. Miller Jakub Voracek 40 1 2 2
2 Jeff Carter Drew Miller Niclas Bergfors 30 1 2 2
3 Travis Zajac Brock Nelson Marcus Kruger 20 1 2 2
4 Matthew Lombardi J.T. Miller Tyler Randell 10 1 2 2
5 vs 5 Defense
Defense Defense Time % Phy DF OF
1 Jacob Trouba Jeff Woywitka 40 1 2 2
2 Matt Smaby Nathan Beaulieu 30 1 2 2
3 Jonathan Ericsson Brian Lashoff 20 1 2 2
4 Dylan Olsen Jacob Trouba 10 1 2 2
PowerPlay Forward
Center Left Wing Right Wing Time % Phy DF OF
1 Jordan Nolan J.T. Miller Jakub Voracek 60 1 2 2
2 Jeff Carter Drew Miller Niclas Bergfors 40 1 2 2
PowerPlay Defense
Defense Defense Time % Phy DF OF
1 Jacob Trouba Jeff Woywitka 60 1 2 2
2 Matt Smaby Nathan Beaulieu 40 1 2 2
Penalty Kill 4 Players Forward
Center Wing Time % Phy DF OF
1 J.T. Miller Jordan Nolan 60 1 2 2
2 Jeff Carter Jakub Voracek 40 1 2 2
Penalty Kill 4 Players Defense
Defense Defense Time % Phy DF OF
1 Jacob Trouba Jeff Woywitka 60 1 2 2
2 Matt Smaby Nathan Beaulieu 40 1 2 2
Penalty Kill - 3 Players Forward
Forward Time % Phy DF OF
1 J.T. Miller 60 1 2 2
2 Jordan Nolan 40 1 2 2
Penalty Kill - 3 Players Defense
Defense Defense Time % Phy DF OF
1 Jacob Trouba Jeff Woywitka 60 1 2 2
2 Matt Smaby Nathan Beaulieu 40 1 2 2
4 vs 4 Forward
Center Wing Time % Phy DF OF
1 J.T. Miller Jordan Nolan 60 1 2 2
2 Jeff Carter Jakub Voracek 40 1 2 2
4 vs 4 Defense
Defense Defense Time % Phy DF OF
1 Jacob Trouba Jeff Woywitka 60 1 2 2
2 Matt Smaby Nathan Beaulieu 40 1 2 2
Last Minutes Offensive
Center Left Wing Right Wing Defense Defense
Jordan Nolan J.T. Miller Jakub Voracek Jacob Trouba Jeff Woywitka
Last Minutes Defensive
Center Left Wing Right Wing Defense Defense
Jordan Nolan J.T. Miller Jakub Voracek Jacob Trouba Jeff Woywitka
Goaltenders
Starting : Ilya Sorokin
Backup : Steve Mason
Extra Forwards
Normal : Travis Zajac, Marcus Kruger, Brock Nelson - PP : Travis Zajac, Marcus Kruger - PK : Brock Nelson
Extra Defensemen
Normal : Jonathan Ericsson, Brian Lashoff, Dylan Olsen - PP : Jonathan Ericsson - PK : Brian Lashoff, Dylan Olsen
Penalty Shots
J.T. Miller, Jordan Nolan, Jeff Carter, Jakub Voracek, Drew Miller
Scratches
Chris Mcallister (Bruised Right Shoulder Injury), Tomas Kubalik (Healthy)
Maple Leafs
5 vs 5 Forward
Center Left Wing Right Wing Time % Phy DF OF
1 Evgeni Malkin Claude Giroux Andre Burakovsky 40 1 2 2
2 Brayden Schenn Scott Hartnell Beau Bennett 30 1 2 2
3 Bo Horvat Mike Cammalleri Pontus Aberg 20 1 2 2
4 Patrice Cormier Brandon Saad JT Compher 10 1 2 2
5 vs 5 Defense
Defense Defense Time % Phy DF OF
1 John Klingberg Zach Werenski 40 1 2 2
2 Hampus Lindholm Jon Merrill 30 1 2 2
3 Ryan Parent Braydon Coburn 20 1 2 2
4 Hampus Lindholm John Klingberg 10 1 2 2
PowerPlay Forward
Center Left Wing Right Wing Time % Phy DF OF
1 Evgeni Malkin Claude Giroux Andre Burakovsky 60 1 2 2
2 Brayden Schenn Scott Hartnell Beau Bennett 40 1 2 2
PowerPlay Defense
Defense Defense Time % Phy DF OF
1 Hampus Lindholm Zach Werenski 60 1 2 2
2 Jon Merrill John Klingberg 40 1 2 2
Penalty Kill 4 Players Forward
Center Wing Time % Phy DF OF
1 Brayden Schenn Scott Hartnell 60 1 2 2
2 Evgeni Malkin Claude Giroux 40 1 2 2
Penalty Kill 4 Players Defense
Defense Defense Time % Phy DF OF
1 Jon Merrill Braydon Coburn 60 1 2 2
2 Hampus Lindholm John Klingberg 40 1 2 2
Penalty Kill - 3 Players Forward
Forward Time % Phy DF OF
1 Patrice Cormier 60 1 2 2
2 Brayden Schenn 40 1 2 2
Penalty Kill - 3 Players Defense
Defense Defense Time % Phy DF OF
1 Braydon Coburn Jon Merrill 60 1 2 2
2 Hampus Lindholm John Klingberg 40 1 2 2
4 vs 4 Forward
Center Wing Time % Phy DF OF
1 Brayden Schenn Claude Giroux 60 1 2 2
2 Evgeni Malkin Andre Burakovsky 40 1 2 2
4 vs 4 Defense
Defense Defense Time % Phy DF OF
1 Hampus Lindholm John Klingberg 60 1 2 2
2 Jon Merrill Braydon Coburn 40 1 2 2
Last Minutes Offensive
Center Left Wing Right Wing Defense Defense
Evgeni Malkin Claude Giroux Andre Burakovsky Hampus Lindholm John Klingberg
Last Minutes Defensive
Center Left Wing Right Wing Defense Defense
Brayden Schenn Claude Giroux Andre Burakovsky Braydon Coburn Jon Merrill
Goaltenders
Starting : John Gibson
Backup : Martin Jones
Extra Forwards
Normal : Scott Hartnell, Bo Horvat, Evgeni Malkin - PP : Scott Hartnell, Bo Horvat - PK : Scott Hartnell
Extra Defensemen
Normal : Braydon Coburn, Ryan Parent, Zach Werenski - PP : Braydon Coburn - PK : Braydon Coburn, Ryan Parent
Penalty Shots
Evgeni Malkin, Claude Giroux, Andre Burakovsky, Brayden Schenn, Scott Hartnell
Scratches
Michael Frolik (Suspend)
% Time on Ice - Flyers
Lines # - Real PCT - Wanted PCT - Time Play
Normal Forward
1 - 30% - 40% - 11:46
2 - 30% - 30% - 12:06
3 - 27% - 20% - 10:45
4 - 13% - 10% - 5:10
Normal Defense
1 - 33% - 40% - 13:18
2 - 32% - 30% - 12:46
3 - 23% - 20% - 9:06
4 - 12% - 10% - 4:37
PP Forward
1 - 54% - 60% - 5:31
2 - 46% - 40% - 4:47
PP Defense
1 - 54% - 60% - 5:35
2 - 46% - 40% - 4:43
PK Forward
1 - 75% - 60% - 5:01
2 - 25% - 40% - 1:42
PK Defense
1 - 66% - 60% - 4:26
2 - 34% - 40% - 2:17
PK3 Forward
1 - 0% - 60%
2 - 0% - 40%
PK3 Defense
1 - 0% - 60%
2 - 0% - 40%
44 Forward
1 - 85% - 60% - 2:44
2 - 15% - 40% - 0:28
44 Defense
1 - 55% - 60% - 1:46
2 - 45% - 40% - 1:26
Last Minute Offensive - 0:00
Last Minute Defensive - 0:00
Total
Forward - 60:00
Defense - 60:00
|
% Time on Ice - Maple Leafs
Lines # - Real PCT - Wanted PCT - Time Play
Normal Forward
1 - 31% - 40% - 12:30
2 - 26% - 30% - 10:15
3 - 26% - 20% - 10:27
4 - 17% - 10% - 6:35
Normal Defense
1 - 50% - 40% - 19:47
2 - 29% - 30% - 11:36
3 - 20% - 20% - 7:59
4 - 1% - 10% - 0:25
PP Forward
1 - 60% - 60% - 4:00
2 - 40% - 40% - 2:43
PP Defense
1 - 64% - 60% - 4:18
2 - 36% - 40% - 2:25
PK Forward
1 - 70% - 60% - 7:15
2 - 30% - 40% - 3:03
PK Defense
1 - 63% - 60% - 6:29
2 - 37% - 40% - 3:49
PK3 Forward
1 - 0% - 60%
2 - 0% - 40%
PK3 Defense
1 - 0% - 60%
2 - 0% - 40%
44 Forward
1 - 88% - 60% - 2:48
2 - 13% - 40% - 0:24
44 Defense
1 - 72% - 60% - 2:19
2 - 28% - 40% - 0:53
Last Minute Offensive - 0:00
Last Minute Defensive - 0:00
Total
Forward - 60:00
Defense - 60:00
|
Play-by-Play
1st period
0:01 of 1st period - Jordan Nolan wins face-off versus Evgeni Malkin in neutral zone.
0:04 of 1st period - Claude Giroux is hit by Jordan Nolan and loses puck.
0:55 of 1st period - Snap shot by Marcus Kruger.
0:55 of 1st period - Stopped by John Gibson without a rebound.
0:56 of 1st period - Matthew Lombardi wins face-off versus Bo Horvat in Maple Leafs zone.
1:19 of 1st period - Pontus Aberg is hit by Brian Lashoff and loses puck.
1:38 of 1st period - Snap shot by Pontus Aberg.
1:38 of 1st period - Shot Misses the Net.
2:02 of 1st period - Snap shot by J.T. Miller.
2:02 of 1st period - Goal by J.T. Miller - Flyers : 1 - Maple Leafs : 0.
2:03 of 1st period - Jeff Carter wins face-off versus Evgeni Malkin in neutral zone.
2:17 of 1st period - Wrist shot by Evgeni Malkin.
2:17 of 1st period - Shot Blocked by Niclas Bergfors.
2:40 of 1st period - Scott Hartnell is hit by Brock Nelson and loses puck.
2:58 of 1st period - Minor Penalty to J.T. Miller for Interference.
2:59 of 1st period - Brock Nelson wins face-off versus Evgeni Malkin in Flyers zone.
3:06 of 1st period - Icing by Claude Giroux.
3:07 of 1st period - Brock Nelson wins face-off versus Evgeni Malkin in Maple Leafs zone.
3:19 of 1st period - Off-side.
3:20 of 1st period - Evgeni Malkin wins face-off versus Brock Nelson in neutral zone.
4:58 of 1st period - Penalty to J.T. Miller is over, J.T. Miller is back on ice.
5:51 of 1st period - Jon Merrill is hit by Jeff Carter.
7:08 of 1st period - Icing by Matt Smaby.
7:09 of 1st period - Jeff Carter wins face-off versus Bo Horvat in Flyers zone.
7:09 of 1st period - Jeff Carter is hit by Mike Cammalleri.
7:16 of 1st period - Major / Game Misconduct Penalty to Zach Werenski for Head-butting.
7:16 of 1st period - Zach Werenski is ejected from game.
7:17 of 1st period - Jordan Nolan wins face-off versus Brayden Schenn in Maple Leafs zone.
7:25 of 1st period - Snap shot by Jordan Nolan.
7:25 of 1st period - Deflect By Jakub Voracek.
7:25 of 1st period - Stopped by John Gibson with a rebound.
7:27 of 1st period - Slapshot by Jeff Woywitka.
7:27 of 1st period - Shot Blocked by Jon Merrill.
7:31 of 1st period - Snap shot by Jakub Voracek.
7:31 of 1st period - Stopped by John Gibson with a rebound.
7:33 of 1st period - Slapshot by Jacob Trouba.
7:33 of 1st period - Stopped by John Gibson with a rebound.
8:03 of 1st period - Snap shot by Brayden Schenn.
8:03 of 1st period - Shot Blocked by Matt Smaby.
8:05 of 1st period - Wrist shot by Braydon Coburn.
8:05 of 1st period - Stopped by Ilya Sorokin with a rebound.
8:13 of 1st period - Slapshot by Jon Merrill.
8:13 of 1st period - Stopped by Ilya Sorokin without a rebound.
8:14 of 1st period - Evgeni Malkin wins face-off versus Jordan Nolan in Flyers zone.
8:29 of 1st period - Snap shot by Evgeni Malkin.
8:29 of 1st period - Shot Misses the Net.
12:16 of 1st period - Penalty to Zach Werenski is over, Andre Burakovsky is send on ice.
12:28 of 1st period - Jacob Trouba is hit by Braydon Coburn.
12:38 of 1st period - Snap shot by Claude Giroux.
12:38 of 1st period - Stopped by Ilya Sorokin without a rebound.
12:39 of 1st period - Matthew Lombardi wins face-off versus Patrice Cormier in Flyers zone.
12:44 of 1st period - Slapshot by Matt Smaby.
12:44 of 1st period - Stopped by John Gibson with a rebound.
13:04 of 1st period - Slapshot by Bo Horvat.
13:04 of 1st period - Goal by Bo Horvat - Flyers : 1 - Maple Leafs : 1.
13:05 of 1st period - Jordan Nolan wins face-off versus Evgeni Malkin in neutral zone.
13:14 of 1st period - Jacob Trouba is hit by Claude Giroux and loses puck.
13:31 of 1st period - Scott Hartnell is hit by Jeff Carter and loses puck.
13:54 of 1st period - Wrist shot by Pontus Aberg.
13:54 of 1st period - Stopped by Ilya Sorokin with a rebound.
13:56 of 1st period - Snap shot by Mike Cammalleri.
13:56 of 1st period - Shot Misses the Net.
13:58 of 1st period - Slapshot by Braydon Coburn.
13:58 of 1st period - Stopped by Ilya Sorokin without a rebound.
13:59 of 1st period - Claude Giroux wins face-off versus J.T. Miller in Flyers zone.
14:14 of 1st period - Slapshot by Jordan Nolan.
14:14 of 1st period - Shot Blocked by Hampus Lindholm.
14:16 of 1st period - Backhand shot by J.T. Miller.
14:16 of 1st period - Shot Misses the Net.
14:26 of 1st period - Jeff Woywitka is hit by Brayden Schenn and loses puck.
14:37 of 1st period - Wrist shot by Hampus Lindholm.
14:37 of 1st period - Stopped by Ilya Sorokin with a rebound.
14:51 of 1st period - Wrist shot by Brock Nelson.
14:51 of 1st period - Goal by Brock Nelson - Flyers : 2 - Maple Leafs : 1.
14:52 of 1st period - Evgeni Malkin wins face-off versus Jakub Voracek in neutral zone.
15:19 of 1st period - Drew Miller is hit by Brayden Schenn and loses puck.
15:39 of 1st period - Icing by Nathan Beaulieu.
15:40 of 1st period - Patrice Cormier wins face-off versus Jeff Carter in Flyers zone.
15:51 of 1st period - Snap shot by Evgeni Malkin.
15:51 of 1st period - Shot Misses the Net.
15:53 of 1st period - Slapshot by Evgeni Malkin.
15:53 of 1st period - Shot Misses the Net.
15:55 of 1st period - Snap shot by Evgeni Malkin.
15:55 of 1st period - Stopped by Ilya Sorokin with a rebound.
15:57 of 1st period - Snap shot by Claude Giroux.
15:57 of 1st period - Shot Misses the Net.
16:32 of 1st period - Slapshot by Marcus Kruger.
16:32 of 1st period - Stopped by John Gibson with a rebound.
16:34 of 1st period - Snap shot by Marcus Kruger.
16:34 of 1st period - Shot Hit the Post.
16:38 of 1st period - Wrist shot by Brock Nelson.
16:38 of 1st period - Shot Misses the Net.
17:06 of 1st period - Jakub Voracek is hit by Hampus Lindholm and loses puck.
17:23 of 1st period - Wrist shot by Brayden Schenn.
17:23 of 1st period - Shot Misses the Net.
18:03 of 1st period - Icing by Jeff Woywitka.
18:04 of 1st period - Jordan Nolan wins face-off versus Bo Horvat in Flyers zone.
19:27 of 1st period - Beau Bennett is hit by Brock Nelson and loses puck.
19:46 of 1st period - Hampus Lindholm is hit by Jeff Woywitka and loses puck.
Goals for this period are 2 for Flyers vs 1 for Maple Leafs.
Shots for this period are 8 for Flyers vs 8 for Maple Leafs.
2nd period
0:01 of 2nd period - Jordan Nolan wins face-off versus Evgeni Malkin in neutral zone.
0:12 of 2nd period - Snap shot by J.T. Miller.
0:12 of 2nd period - Stopped by John Gibson with a rebound.
0:14 of 2nd period - Slapshot by Jacob Trouba.
0:14 of 2nd period - Shot Misses the Net.
0:16 of 2nd period - Wrist shot by J.T. Miller.
0:16 of 2nd period - Shot Blocked by Claude Giroux.
0:49 of 2nd period - Matthew Lombardi is hit by Brandon Saad and loses puck.
1:14 of 2nd period - Marcus Kruger is hit by Pontus Aberg and loses puck.
1:31 of 2nd period - Hampus Lindholm is hit by Jeff Carter and loses puck.
1:54 of 2nd period - Snap shot by Brayden Schenn.
1:54 of 2nd period - Stopped by Ilya Sorokin with a rebound.
1:56 of 2nd period - Slapshot by Brayden Schenn.
1:56 of 2nd period - Shot Misses the Net.
1:58 of 2nd period - Snap shot by Beau Bennett.
1:58 of 2nd period - Shot Misses the Net.
2:12 of 2nd period - Brandon Saad is hit by Jacob Trouba and loses puck.
2:29 of 2nd period - Niclas Bergfors is hit by Mike Cammalleri and loses puck.
2:50 of 2nd period - Ryan Parent is hit by J.T. Miller and loses puck.
3:13 of 2nd period - Marcus Kruger is hit by Beau Bennett and loses puck.
3:24 of 2nd period - J.T. Miller is hit by Braydon Coburn and loses puck.
3:55 of 2nd period - Andre Burakovsky is hit by Jordan Nolan and loses puck.
4:36 of 2nd period - Bo Horvat is hit by Travis Zajac and loses puck.
4:47 of 2nd period - J.T. Miller is hit by Evgeni Malkin and loses puck.
5:12 of 2nd period - Niclas Bergfors is hit by Brayden Schenn and loses puck.
5:21 of 2nd period - Scott Hartnell is hit by Jeff Carter and loses puck.
6:11 of 2nd period - Ryan Parent is hit by Jonathan Ericsson and loses puck.
6:37 of 2nd period - Snap shot by Beau Bennett.
6:37 of 2nd period - Stopped by Ilya Sorokin with a rebound.
6:39 of 2nd period - Slapshot by Braydon Coburn.
6:39 of 2nd period - Shot Misses the Net.
6:41 of 2nd period - Snap shot by Brandon Saad.
6:41 of 2nd period - Shot Blocked by Jacob Trouba.
6:57 of 2nd period - Jeff Carter is hit by Mike Cammalleri.
7:01 of 2nd period - Jacob Trouba is hit by Hampus Lindholm and loses puck.
7:15 of 2nd period - Icing by Niclas Bergfors.
7:16 of 2nd period - Brayden Schenn wins face-off versus Jeff Carter in Flyers zone.
7:43 of 2nd period - Andre Burakovsky is hit by Jakub Voracek and loses puck.
9:02 of 2nd period - Snap shot by J.T. Miller.
9:02 of 2nd period - Stopped by John Gibson with a rebound.
9:08 of 2nd period - Snap shot by J.T. Miller.
9:08 of 2nd period - Deflect By Jakub Voracek.
9:08 of 2nd period - Shot Blocked by Pontus Aberg.
9:08 of 2nd period - Puck is out of play.
9:09 of 2nd period - Evgeni Malkin wins face-off versus Jeff Carter in Maple Leafs zone.
9:11 of 2nd period - Minor Penalty to Braydon Coburn for Tripping.
9:12 of 2nd period - Jeff Carter wins face-off versus Brayden Schenn in Maple Leafs zone.
9:13 of 2nd period - Wrist shot by Drew Miller.
9:13 of 2nd period - Deflect By Jon Merrill.
9:13 of 2nd period - Stopped by John Gibson without a rebound.
9:14 of 2nd period - Jeff Carter wins face-off versus Brayden Schenn in Maple Leafs zone.
9:23 of 2nd period - Wrist shot by Drew Miller.
9:23 of 2nd period - Stopped by John Gibson with a rebound.
9:25 of 2nd period - Wrist shot by Niclas Bergfors.
9:25 of 2nd period - Flyers goal is going for a video replay.
9:25 of 2nd period - The goal is refused. The referee deems the play has been stopped, even if he had not physically had the opportunity to stop play by blowing his whistle..
9:26 of 2nd period - Jeff Carter wins face-off versus Brayden Schenn in Maple Leafs zone.
9:29 of 2nd period - Snap shot by Niclas Bergfors.
9:29 of 2nd period - Deflect By Drew Miller.
9:29 of 2nd period - Shot Misses the Net.
9:29 of 2nd period - Puck is out of play.
9:30 of 2nd period - Brayden Schenn wins face-off versus Jeff Carter in Maple Leafs zone.
10:04 of 2nd period - Slapshot by Nathan Beaulieu.
10:04 of 2nd period - Deflect By J.T. Miller.
10:04 of 2nd period - Shot Blocked by Hampus Lindholm.
10:04 of 2nd period - Puck is out of play.
10:05 of 2nd period - J.T. Miller wins face-off versus Evgeni Malkin in Maple Leafs zone.
10:14 of 2nd period - Wrist shot by J.T. Miller.
10:14 of 2nd period - Shot Blocked by Evgeni Malkin.
10:16 of 2nd period - Snap shot by J.T. Miller.
10:16 of 2nd period - Stopped by John Gibson with a rebound.
11:11 of 2nd period - Penalty to Braydon Coburn is over, Braydon Coburn is back on ice.
11:20 of 2nd period - Jeff Woywitka is hit by Braydon Coburn and loses puck.
11:24 of 2nd period - Icing by Jeff Woywitka.
11:25 of 2nd period - J.T. Miller wins face-off versus Evgeni Malkin in Flyers zone.
11:25 of 2nd period - J.T. Miller is hit by Andre Burakovsky.
11:33 of 2nd period - Snap shot by Jakub Voracek.
11:33 of 2nd period - Stopped by John Gibson with a rebound.
11:35 of 2nd period - Wrist shot by Jordan Nolan.
11:35 of 2nd period - Shot Misses the Net.
12:17 of 2nd period - Snap shot by Claude Giroux.
12:17 of 2nd period - Shot Misses the Net.
12:28 of 2nd period - Minor Penalty to Andre Burakovsky for Holding.
12:29 of 2nd period - Brayden Schenn wins face-off versus Jeff Carter in Maple Leafs zone.
12:49 of 2nd period - Minor Penalty to Matt Smaby for Hooking.
12:50 of 2nd period - Travis Zajac wins face-off versus Brayden Schenn in Flyers zone.
13:01 of 2nd period - Wrist shot by Travis Zajac.
13:01 of 2nd period - Stopped by John Gibson with a rebound.
13:15 of 2nd period - John Klingberg is hit by Nathan Beaulieu and loses puck.
13:41 of 2nd period - Marcus Kruger is hit by Scott Hartnell and loses puck.
14:28 of 2nd period - Penalty to Andre Burakovsky is over, Andre Burakovsky is back on ice.
14:36 of 2nd period - Jonathan Ericsson is hit by Andre Burakovsky and loses puck.
14:41 of 2nd period - Wrist shot by Hampus Lindholm.
14:41 of 2nd period - Stopped by Ilya Sorokin without a rebound.
14:42 of 2nd period - J.T. Miller wins face-off versus Brayden Schenn in Flyers zone.
14:49 of 2nd period - Penalty to Matt Smaby is over, Matt Smaby is back on ice.
14:51 of 2nd period - Jeff Woywitka is hit by Hampus Lindholm and loses puck.
15:04 of 2nd period - Snap shot by Jacob Trouba.
15:04 of 2nd period - Stopped by John Gibson without a rebound.
15:05 of 2nd period - Marcus Kruger wins face-off versus Bo Horvat in Maple Leafs zone.
15:06 of 2nd period - Slapshot by Travis Zajac.
15:06 of 2nd period - Shot Blocked by Bo Horvat.
15:14 of 2nd period - John Klingberg is hit by Brock Nelson and loses puck.
15:21 of 2nd period - Marcus Kruger is hit by Bo Horvat.
15:25 of 2nd period - Snap shot by Hampus Lindholm.
15:25 of 2nd period - Stopped by Ilya Sorokin without a rebound.
15:26 of 2nd period - Jordan Nolan wins face-off versus Evgeni Malkin in Flyers zone.
15:26 of 2nd period - Jordan Nolan is hit by Andre Burakovsky.
15:40 of 2nd period - Wrist shot by Jakub Voracek.
15:40 of 2nd period - Shot Misses the Net.
16:07 of 2nd period - Wrist shot by Jeff Carter.
16:07 of 2nd period - Stopped by John Gibson without a rebound.
16:08 of 2nd period - Evgeni Malkin wins face-off versus Travis Zajac in Maple Leafs zone.
16:30 of 2nd period - Minor Penalty to Braydon Coburn for Delaying the game.
16:31 of 2nd period - Brayden Schenn wins face-off versus Jordan Nolan in Maple Leafs zone.
16:42 of 2nd period - Scott Hartnell is hit by Jordan Nolan and loses puck.
17:51 of 2nd period - Jacob Trouba is hit by Jon Merrill.
18:01 of 2nd period - Jordan Nolan is hit by Bo Horvat and loses puck.
18:30 of 2nd period - Penalty to Braydon Coburn is over, Braydon Coburn is back on ice.
18:45 of 2nd period - Matt Smaby is hit by Braydon Coburn and loses puck.
18:54 of 2nd period - Snap shot by Evgeni Malkin.
18:54 of 2nd period - Shot Misses the Net.
18:56 of 2nd period - Slapshot by Jon Merrill.
18:56 of 2nd period - Deflect By Travis Zajac.
18:56 of 2nd period - Stopped by Ilya Sorokin with a rebound.
19:00 of 2nd period - Snap shot by Braydon Coburn.
19:00 of 2nd period - Shot Blocked by Marcus Kruger.
19:11 of 2nd period - Travis Zajac is hit by Evgeni Malkin and loses puck.
19:26 of 2nd period - Brian Lashoff is hit by Evgeni Malkin and loses puck.
Goals for this period are 0 for Flyers vs 0 for Maple Leafs.
Shots for this period are 10 for Flyers vs 5 for Maple Leafs.
3rd period
0:01 of 3rd period - Evgeni Malkin wins face-off versus Jordan Nolan in neutral zone.
0:08 of 3rd period - Slapshot by Evgeni Malkin.
0:08 of 3rd period - Stopped by Ilya Sorokin with a rebound.
0:24 of 3rd period - Minor Penalty to Andre Burakovsky for Tripping.
0:25 of 3rd period - Jordan Nolan wins face-off versus Brayden Schenn in Maple Leafs zone.
0:57 of 3rd period - Wrist shot by Jeff Carter.
0:57 of 3rd period - Stopped by John Gibson with a rebound.
0:59 of 3rd period - Snap shot by Jeff Carter.
0:59 of 3rd period - Goal by Jeff Carter - Flyers : 3 - Maple Leafs : 1.
1:00 of 3rd period - Jordan Nolan wins face-off versus Evgeni Malkin in neutral zone.
1:13 of 3rd period - Wrist shot by J.T. Miller.
1:13 of 3rd period - Shot Misses the Net.
1:27 of 3rd period - Jeff Woywitka is hit by Mike Cammalleri and loses puck.
2:55 of 3rd period - Mike Cammalleri is hit by Jeff Carter and loses puck.
4:02 of 3rd period - Minor Penalty to Jeff Carter for Holding.
4:03 of 3rd period - J.T. Miller wins face-off versus Evgeni Malkin in Flyers zone.
4:21 of 3rd period - J.T. Miller is hit by Andre Burakovsky and loses puck.
5:37 of 3rd period - Matthew Lombardi is hit by Andre Burakovsky and loses puck.
6:02 of 3rd period - Penalty to Jeff Carter is over, Jeff Carter is back on ice.
6:10 of 3rd period - Snap shot by Jeff Carter.
6:10 of 3rd period - Shot Misses the Net.
6:16 of 3rd period - Jeff Carter is hit by Jon Merrill and loses puck.
6:29 of 3rd period - Snap shot by Niclas Bergfors.
6:29 of 3rd period - Goal by Niclas Bergfors - Flyers : 4 - Maple Leafs : 1.
6:30 of 3rd period - Jeff Carter wins face-off versus Evgeni Malkin in neutral zone.
7:08 of 3rd period - Jacob Trouba is hit by Brayden Schenn and loses puck.
7:21 of 3rd period - Nathan Beaulieu is hit by Braydon Coburn and loses puck.
7:32 of 3rd period - John Klingberg is hit by Jordan Nolan.
8:07 of 3rd period - Slapshot by Travis Zajac.
8:07 of 3rd period - Stopped by John Gibson without a rebound.
8:08 of 3rd period - Evgeni Malkin wins face-off versus Travis Zajac in Maple Leafs zone.
8:08 of 3rd period - Evgeni Malkin is hit by Brock Nelson.
8:19 of 3rd period - Minor Penalty to Jeff Woywitka for Hooking.
8:20 of 3rd period - J.T. Miller wins face-off versus Evgeni Malkin in Flyers zone.
8:26 of 3rd period - Wrist shot by Jordan Nolan.
8:26 of 3rd period - Shot Misses the Net.
8:28 of 3rd period - Slapshot by Jacob Trouba.
8:28 of 3rd period - Stopped by John Gibson without a rebound.
8:29 of 3rd period - J.T. Miller wins face-off versus Evgeni Malkin in Maple Leafs zone.
8:36 of 3rd period - Wrist shot by J.T. Miller.
8:36 of 3rd period - Shot Misses the Net.
9:51 of 3rd period - Brian Lashoff is hit by Claude Giroux and loses puck.
10:19 of 3rd period - Penalty to Jeff Woywitka is over, Jeff Woywitka is back on ice.
10:42 of 3rd period - Mike Cammalleri is hit by Marcus Kruger and loses puck.
11:12 of 3rd period - Niclas Bergfors is hit by Mike Cammalleri and loses puck.
12:02 of 3rd period - Jeff Woywitka is hit by JT Compher and loses puck.
12:11 of 3rd period - Minor Penalty to Marcus Kruger for Roughing.
12:12 of 3rd period - J.T. Miller wins face-off versus Evgeni Malkin in Flyers zone.
12:36 of 3rd period - Minor Penalty to Brayden Schenn for Hooking.
12:37 of 3rd period - J.T. Miller wins face-off versus Claude Giroux in Maple Leafs zone.
13:18 of 3rd period - Wrist shot by Jeff Carter.
13:18 of 3rd period - Stopped by John Gibson without a rebound.
13:19 of 3rd period - Bo Horvat wins face-off versus Jeff Carter in Maple Leafs zone.
13:30 of 3rd period - Wrist shot by Hampus Lindholm.
13:30 of 3rd period - Stopped by Ilya Sorokin without a rebound.
13:31 of 3rd period - Scott Hartnell wins face-off versus J.T. Miller in Flyers zone.
13:56 of 3rd period - Jacob Trouba is hit by Claude Giroux and loses puck.
14:11 of 3rd period - Penalty to Marcus Kruger is over, Marcus Kruger is back on ice.
14:11 of 3rd period - Jeff Carter is hit by Scott Hartnell and loses puck.
14:36 of 3rd period - Penalty to Brayden Schenn is over, Brayden Schenn is back on ice.
14:50 of 3rd period - Wrist shot by Jakub Voracek.
14:50 of 3rd period - Stopped by John Gibson with a rebound.
14:52 of 3rd period - Wrist shot by Jakub Voracek.
14:52 of 3rd period - Stopped by John Gibson with a rebound.
14:54 of 3rd period - Wrist shot by Nathan Beaulieu.
14:54 of 3rd period - Stopped by John Gibson without a rebound.
14:55 of 3rd period - Tyler Randell wins face-off versus Evgeni Malkin in Maple Leafs zone.
15:51 of 3rd period - Snap shot by Brandon Saad.
15:51 of 3rd period - Stopped by Ilya Sorokin without a rebound.
15:52 of 3rd period - Jeff Carter wins face-off versus Patrice Cormier in Flyers zone.
15:57 of 3rd period - Snap shot by Niclas Bergfors.
15:57 of 3rd period - Shot Misses the Net.
16:03 of 3rd period - Jeff Woywitka is hit by Patrice Cormier and loses puck.
16:27 of 3rd period - Nathan Beaulieu is hit by Beau Bennett and loses puck.
16:54 of 3rd period - Pontus Aberg is hit by Travis Zajac and loses puck.
17:17 of 3rd period - Snap shot by Evgeni Malkin.
17:17 of 3rd period - Stopped by Ilya Sorokin with a rebound.
17:41 of 3rd period - Matt Smaby is hit by JT Compher and loses puck.
18:10 of 3rd period - Snap shot by Jeff Carter.
18:10 of 3rd period - Deflect By Niclas Bergfors.
18:10 of 3rd period - Stopped by John Gibson without a rebound.
18:11 of 3rd period - Evgeni Malkin wins face-off versus Jeff Carter in Maple Leafs zone.
18:45 of 3rd period - Hampus Lindholm is hit by Jordan Nolan and loses puck.
19:26 of 3rd period - Slapshot by Jon Merrill.
19:26 of 3rd period - Deflect By Patrice Cormier.
19:26 of 3rd period - Stopped by Ilya Sorokin without a rebound.
19:27 of 3rd period - Jeff Carter wins face-off versus Evgeni Malkin in Flyers zone.
Goals for this period are 2 for Flyers vs 0 for Maple Leafs.
Shots for this period are 10 for Flyers vs 5 for Maple Leafs.